 Dungeon Crawl Stone Soup version 0.31-a0-1540-g5a0b83f448 (webtiles) character file.

Game seed: 11314689283212285632

290 grandjackal the Trooper (level 6, -1/49 HPs)
             Began as a Demonspawn Gladiator on Jan 1, 2024.
             Slain by a gnoll
             ... wielding a +0 club
             ... led by a gnoll bouda
              (4 damage)
             ... on level 4 of the Dungeon.
             The game lasted 00:02:31 (2059 turns).

grandjackal the Trooper (Demonspawn Gladiator)      Turns: 2059, Time: 00:02:32

Health: -1/49      AC:  5    Str: 17    XL:     6   Next: 9%
Magic:  6/6        EV: 12    Int:  8    God:
Gold:   25         SH:  0    Dex: 14    Spells: 5/5 levels left

rFire   . . .        a - +0 war axe
rCold   . . .        (no shield)
rNeg    . . .        b - +0 leather armour
rPois   .            c - +0 helmet
rElec   .            (no cloak)
rCorr   .            s - +0 pair of gloves
SInv    .            (no boots)
Will    +....        (no amulet)
Stlth   +            (no ring)
HPRegen 0.28/turn    (no ring)
MPRegen 0.10/turn

%: no passive effects
@: enlightened, flying (expiring)
A: ignite blood 1, demonic magic 1, demonic touch 1
a: no special abilities


You were on level 4 of the Dungeon.
You visited 1 branch of the dungeon, and saw 4 of its levels.

You collected 184 gold pieces.
You spent 159 gold pieces at shops.

Inventory:

Hand Weapons
 a - a +0 war axe (weapon)
Missiles
 d - 3 throwing nets (quivered)
 e - a javelin
Armour
 b - a +0 leather armour (worn)
 c - a +0 helmet (worn)
 s - a +0 pair of gloves (worn)
Jewellery
 i - a ring of ice
 k - a ring of ice
Scrolls
 f - a scroll of poison {unknown}
 g - 4 scrolls of fear
 h - a scroll of torment {unknown}
 j - 2 scrolls of blinking
 n - a scroll of noise {unknown}
 o - a scroll of enchant weapon {unknown}
 p - a scroll of fog {unknown}
 r - a scroll of teleportation
Potions
 q - a potion of mutation {unknown}


   Skills:
 + Level 4.6 Fighting
 + Level 4.6 Axes
 - Level 2.0 Throwing
 - Level 3.0 Dodging


You had 5 spell levels left.
You didn't know any spells.
Your spell library was empty.

Dungeon Overview and Level Annotations

Branches:
Dungeon (4/15)
 Temple: D:4-7

Altars:

Shops:
D:3 =?


Innate Abilities, Weirdness & Mutations

Your demonic aura sometimes causes spilled blood to erupt in flames.
Spells you cast may paralyse adjacent enemies.
Your touch may inflict minor irresistible damage on your foes.


Message History

You kill the adder!
The gnoll bouda barks out a call to the hunt!
The gnolls pick up the pace!
Grinder blinks!
A gnoll comes into view. It is wielding a +0 flail.
Found a book of Necromancy.
A gnoll comes into view. It is wielding a +0 whip.
The gnoll hits you with a +0 club!
Unknown command.
You are too injured to fight recklessly!
Unknown command.
You are too injured to fight recklessly!
Unknown command.
You hit Grinder.
You kill Grinder!
You closely miss the gnoll. The gnoll misses you.
Your Fighting skill increases to level 4!
Your Axes skill increases to level 4!
You have reached level 5!
You have reached level 6!
You feel monstrous as your demonic heritage exerts itself.
Your demonic ancestry asserts itself...
Your hands begin to faintly glow with unholy energy.
The gnoll attacks as it pursues you! The gnoll misses you.
The gnoll hits you with a +0 club. The gnoll closely misses you.
The gnoll attacks as it pursues you! The gnoll barely misses you.
The gnoll attacks as it pursues you! The gnoll closely misses you.
You see here a scroll labelled MUIRIU MESURIE.
The gnoll attacks as it pursues you! The gnoll closely misses you.
The gnoll hits you with a +0 club. The gnoll hits you with a +0 flail.
* * * LOW HITPOINT WARNING * * *
You are starting to lose your buoyancy.
The gnoll attacks as it pursues you!
The gnoll hits you from afar with a +0 halberd!
* * * LOW HITPOINT WARNING * * *
The gnoll hits you from afar with a +0 halberd.
* * * LOW HITPOINT WARNING * * *
There is a stone staircase leading up here.
The gnoll hits you with a +0 club.
You die...

.# .## ..# #.# ##
#.####... # #.#....
:.##.#####.gg##
#.......$.gg°@#
.....$...g.○#..#
#..................
#..........###...##
#..........# ##...
#..........# ####
#..<.......#
############


You could see a gnoll bouda and 4 gnolls.

Vanquished Creatures
  Grinder (D:4)
  2 adders
  An adder skeleton (D:2)
  5 ribbon worms
  An orc (D:3)
  A bat skeleton (D:2)
  2 endoplasms
  A giant cockroach (D:3)
  10 goblins
  6 hobgoblins
  2 jackals (D:1)
  3 kobolds (D:2)
  2 quokkas
  4 ball pythons
  3 ball python skeletons (D:2)
  A ball python zombie (D:2)
  3 bats
  3 frilled lizards
  2 quokka skeletons (D:2)
  A quokka zombie (D:2)
  6 rats
60 creatures vanquished.

Notes
Turn   | Place    | Note
-------+----------+-------------------------------------------
     0 | D:1      | grandjackal the Demonspawn Gladiator began the quest for
                  | the Orb.
     0 | D:1      | Reached XP level 1. HP: 16/16 MP: 1/1
   127 | D:1      | Gained mutation: Spells you cast may paralyse adjacent
                  | enemies. [demonic ancestry]
   127 | D:1      | Reached XP level 2. HP: 22/22 MP: 2/2
   667 | D:2      | Reached XP level 3. HP: 28/28 MP: 3/3
  1551 | D:3      | Gained mutation: Your demonic aura sometimes causes spilled
                  | blood to erupt in flames. [demonic ancestry]
  1551 | D:3      | Reached XP level 4. HP: 28/35 MP: 4/4
  1647 | D:3      | Found Gacruwk's Jewellery Shop.
  1882 | D:3      | Found Wyfeafagg's Magic Scroll Shop.
  1888 | D:3      | Bought a scroll of blinking for 82 gold pieces
  1888 | D:3      | Bought a scroll of teleportation for 33 gold pieces
  1888 | D:3      | Bought a scroll of fear for 44 gold pieces
  2034 | D:4      | Noticed Grinder
  2052 | D:4      | Killed Grinder
  2053 | D:4      | Reached XP level 5. HP: 19/43 MP: 5/5
  2053 | D:4      | Discovered your monstrous ancestry.
  2053 | D:4      | Gained mutation: Your touch may inflict minor irresistible
                  | damage on your foes. [demonic ancestry]
  2053 | D:4      | Reached XP level 6. HP: 21/49 MP: 6/6
  2059 | D:4      | Slain by a gnoll

Illustrated notes

Levels and vault maps discovered:
D:1:      lightli_arrival_lavapool, layout_rooms
D:2:      layout_basic, serial_undead, serial_undead_b, serial_undead_c,
          serial_undead_d, serial_undead_a, minmay_pentomino_pile
D:3:      layout_rooms, serial_shops, nicolae_shop_just_a_little_nook, shop
D:4:      layout_rooms, nicolae_ossuary_entry_catacombs, uniq_ijyb,
          uniq_grinder, uniq_menkaure

Skill      XL: |  1  2  3  4 |
---------------+-------------+-----
Throwing       | 2 |  2.0
Axes           | 3 4 |  4.6
Dodging        | 3 |  3.0
Fighting       | 3 4 |  4.6

Action                     |  1- 3 |  4- 6 || total
---------------------------+-------+-------++-------
  Melee: War axe           |   132 |    37 ||   169
         Punch             |     1 |     2 ||     3
    Use: Potion            |       |     2 ||     2
   Stab: Sleeping          |     2 |     1 ||     3
 Armour: Leather armour    |    86 |    32 ||   118
  Dodge: Dodged            |    98 |    31 ||   129

Table legend: (Time is in decaauts)
 A = Elapsed time spent in this place.
 B = Non-inter-level travel time spent in this place.
 C = Inter-level travel time spent in this place.
 D = Time resting spent in this place.
 E = Time spent auto-exploring this place.
 F = Levels seen in this place.
 G = Mean time per level.
                   A        B        C        D        E       F      G
               +--------+--------+--------+--------+--------+-----+--------+
         Total |   2116 |   2080 |     36 |     64 |   1561 |   4 |  529.0 |
       Dungeon |   2116 |   2080 |     36 |     64 |   1561 |   4 |  529.0 |
               +--------+--------+--------+--------+--------+-----+--------+

Top non-repeatable levels by time:
     D:2: 1042 daAuts
     D:3: 578 daAuts
     D:1: 465 daAuts
     D:4: 30 daAuts
